 Dungeon Crawl Stone Soup version 0.20.0-7-g3b7b877 (webtiles) character file.

54161 qandnotyew the Spry (level 14, -10/118 HPs)
             Began as a Merfolk Transmuter on May 30, 2017.
             Was a High Priest of Makhleb.
             Mangled by a balrug
             ... wielding a +2 demon whip of flaming
             ... summoned by the player character
              (34 damage)
             ... on level 2 of the Orcish Mines.
             The game lasted 01:14:33 (22236 turns).

qandnotyew the Spry (Merfolk Transmuter)           Turns: 22236, Time: 01:14:33

Health: -10/118    AC: 12    Str: 15    XL:     14   Next: 71%
Magic:  15/21      EV: 20    Int: 12    God:    Makhleb [*****.]
Gold:   904        SH:  0    Dex: 15    Spells: 5/17 levels left

rFire    x . .     SeeInvis .     - Unarmed
rCold    + + +     Gourm    .   (shield currently unavailable)
rNeg     . . .     Faith    .   (armour currently unavailable)
rPois    +         Spirit   .   (helmet currently unavailable)
rElec    .         Reflect  .   (cloak currently unavailable)
rCorr    .         Harm     .   (gloves currently unavailable)
MR       +....                  (boots currently unavailable)
Stlth    ++++......             T - amulet of regeneration
Regen    0.7/turn               j - ring of wizardry
MPRegen  0.2/turn               a - ring of Inebemot {AC+6 Str+4}

@: about to teleport, ice-form
A: (change form in water), (swift swim), (stealthy swim), blurry vision 1, dopey
2, frail 1
a: End Transformation, Minor Destruction, Lesser Servant of Makhleb, Major
Destruction, Greater Servant of Makhleb, Renounce Religion


You were on level 2 of the Orcish Mines.
You worshipped Makhleb.
Makhleb was extremely pleased with you.
You were hungry.
You were a creature of crystalline ice.
You visited 4 branches of the dungeon, and saw 22 of its levels.
You also visited: Sewer.

You collected 2118 gold pieces.
You spent 1214 gold pieces at shops.

Inventory:

Hand Weapons
 B - a +0 trident
 G - the +5 scythe "Finisher" {speed, Str+3}
   (You found it on level 9 of the Dungeon)

   Attacks with this weapon are significantly faster.
   It affects your strength (+3).
Missiles
 h - 30 arrows
Armour
 b - a +1 robe
 l - a +2 robe of fire resistance (melded)
 A - the cursed -1 cloak "Juromeg" (melded) {Stlth+}
   (You found it on level 5 of the Dungeon)

   It makes you more stealthy.
   It has a curse placed upon it.
 I - a +1 hat (melded)
Magical Staves
 L - an uncursed staff of summoning (melded)
Jewellery
 a - the ring of Inebemot (right front paw) {AC+6 Str+4}
   (You acquired it on level 10 of the Dungeon)

   [ring of protection]

   It affects your AC (+6).
   It affects your strength (+4).
 j - a ring of wizardry (left front paw)
 o - an uncursed ring of protection from cold {unknown}
 t - an uncursed amulet of rage
 w - an uncursed ring of ice
 x - an uncursed ring of positive energy {unknown}
 z - an uncursed ring of magical power {unknown}
 T - an amulet of regeneration (around neck)
Wands
 p - a wand of confusion (32/48)
 y - a wand of digging (21/24)
 S - a wand of iceblast (4/15)
 W - a wand of flame (7/48)
Scrolls
 e - a scroll of enchant weapon
 i - 8 scrolls of teleportation
 k - 12 scrolls of remove curse
 q - a scroll of fog
 r - 2 scrolls of amnesia
 D - 7 scrolls of identify
Potions
 c - a potion of cancellation
 g - a potion of ambrosia {unknown}
 m - 9 potions of curing
 s - 4 potions of agility
 u - 2 potions of brilliance
 v - 3 potions of haste
 C - a potion of invisibility
 O - a potion of berserk rage
 R - 2 potions of flight
 V - 5 potions of might
Books
 F - a Grand Grimoire

   Spells                             Type                      Level
   a - Monstrous Menagerie            Summoning                    7
   b - Summon Greater Demon           Summoning                    7
   c - Malign Gateway                 Summoning/Translocation      7
   d - Summon Horrible Things         Summoning                    8
Comestibles
 d - 10 bread rations
 f - 20 royal jellies
 n - 18 chunks of flesh
 E - a meat ration
 Q - 8 fruits


   Skills:
 - Level 10.1 Fighting
 - Level 15.2 Dodging
 - Level 8.2 Stealth
 - Level 12.6 Unarmed Combat
 - Level 2.0 Spellcasting
 - Level 5.1 Summonings
 - Level 8.0 Transmutations
 - Level 6.4 Ice Magic
 + Level 7.6 Invocations
 - Level 10.4 Evocations


You had 5 spell levels left.
You knew the following spells:

 Your Spells              Type           Power        Failure   Level  Hunger
a - Ice Form              Ice/Tmut       ###.....     6%          4    #####..
b - Spider Form           Tmut/Pois      ##........   6%          3    ####...
c - Summon Ice Beast      Ice/Summ       ###.....     11%         4    #####..
d - Confusing Touch       Hex            #.....       11%         1    ##.....


Dungeon Overview and Level Annotations

Branches:
Dungeon (13/15)            Temple (1/1) D:6            Lair (6/6) D:10
  Swamp (0/4) Lair:3        Snake (0/4) Lair:3        Slime (0/5) Lair:6
    Orc (2/2) D:9
    Elf: Orc:2       Vaults: D:13-14

Altars:
Ashenzari
Cheibriados
Dithmenos
Elyvilon
Fedhas
Gozag
Hepliaklqana
Kikubaaqudgha
Makhleb
Nemelex Xobeh
Okawaru
Qazlal
Ru
Sif Muna
Trog
Uskayaw
Vehumet
Xom
Yredelemnul
Zin
The Shining One
Jiyva

Shops:
D:4 [   D:6 *[[*   D:9 }   D:10 [   Orc:2 :*

Portals:
Hell: Lair:6

Annotations:
D:3 Grinder
Lair:3 exclusion: oklob plant
Lair:4 exclusion: 2 oklob plants
Lair:6 1 runed door, exclusion: 4 oklob plants


Innate Abilities, Weirdness & Mutations

((You revert to your normal form in water.))
((You are very nimble and swift while swimming.))
((You are very stealthy in the water. (Stealth+)))
Scrolls take you a little longer to read.
You are very dopey. (Int -4)
You are frail. (-10% HP)


Message History

The orc barely misses your orange demon.
The ettin hits your orange demon with a dire flail!
The ettin hits your orange demon with an enchanted great mace!
The cyclops hits the fungus!!
The cyclops throws a large rock.
The large rock hits you!!
The balrug hits you with a demon whip of flaming!!
You are engulfed in flames!!
The fire burns you terribly!
* * * LOW HITPOINT WARNING * * *
The balrug melts you!
* * * LOW HITPOINT WARNING * * *
Your orange demon stings the ettin but does no damage.
Your orange demon barely misses the ettin.
Things that are here:
a large rock; 34 gold pieces The orc hits your orange demon with a short sword of venom.
Something hits your orange demon but does no damage.
The balrug hits you with a demon whip of flaming.
* * * LOW HITPOINT WARNING * * *
You are engulfed in flames!!
The fire burns you terribly!
You die...

.............∩..........
..........P.....P...####
........P.P..8....P..##.
#..........P......#.##..
...............P..### .
.................## #
..........#####.##
.........#.#.####
....#.#Y......#
....###.2....#..# ...
##4...#....
....#.#.o(...#..
....C.o....#....
.#..P...#.......
.....PPCO.......
................
..P.8.......$...


You could see a balrug, a two-headed ogre, a cyclops, an orc and a friendly
orange demon.

Vanquished Creatures
  Gastronok (D:12)
  A stone giant (Orc:2)
  An ettin (Orc:2)
  2 hydras
  A centaur warrior (D:12)
  2 catoblepae (Lair:6)
  4 two-headed ogres
  2 death yaks (Lair:6)
  Nergalle (D:10)
  A sixfirhy (Lair:6)
  Pikel (D:9)
  A deep elf mage (D:12)
  3 cyclopes
  2 orc sorcerers (Orc:1)
  2 ugly things
  4 black mambas (Lair:6)
  Joseph (D:8)
  Psyche (D:8)
  2 torpor snails (Lair:6)
  A smoke demon (Lair:6)
  2 orange demons (Lair:6)
  A gargoyle (D:10)
  13 spiny frogs
  3 rime drakes (Lair:6)
  8 komodo dragons
  An ice devil (Lair:6)
  A red devil (Lair:6)
  3 trolls
  A polar bear (Lair:6)
  Prince Ribbit (D:8)
  A hornet (D:10)
  14 blink frogs
  6 hippogriffs
  8 dream sheep
  4 wraiths
  21 yaks
  A wyvern (Lair:5)
  The ghost of tsuxds the Shield-Bearer, an amateur MiFi (D:3)
  Grum (D:8)
  2 hungry ghosts
  4 wargs
  2 nagas (Lair:3)
  11 water moccasins
  10 porcupines
  5 hell hounds (Lair:6)
  Purgy (D:4)
  2 black bears
  5 ice beasts
  9 orc warriors
  2 sky beasts (D:10)
  7 ogres
  A necrophage (D:6)
  A phantom (D:8)
  8 wolves
  4 centaurs
  13 crocodiles
  3 big kobolds (Sewer)
  15 bullfrogs
  2 scorpions
  A water moccasin skeleton (D:4)
  5 wights (D:9)
  9 killer bees
  An electric eel (Lair:3)
  5 howler monkeys
  3 bullfrog zombies
  2 crimson imps
  A bullfrog skeleton (D:12)
  14 orc priests
  2 centaur skeletons
  6 jellies
  3 hounds
  19 orc wizards
  2 iron imps (D:9)
  Ijyb (D:4)
  10 worker ants
  4 iguanas
  Natasha (twice) (D:4)
  2 hound skeletons (D:4)
  A mummy (D:5)
  4 worker ant zombies
  Robin (D:4)
  3 gnolls (D:2)
  13 adders
  3 shadow imps
  7 oozes
  An adder skeleton (D:8)
  3 worms (D:2)
  5 dart slugs
  8 leopard geckos
  55 orcs
  11 bats
  7 giant cockroaches
  18 goblins
  11 hobgoblins
  12 jackals
  5 quokkas
  4 ball pythons
  5 frilled lizards
  A jackal zombie (D:5)
  17 kobolds
  A leopard gecko skeleton (D:9)
  2 quokka skeletons
  A quokka zombie (D:7)
  10 rats
  A fungus (Lair:2)
534 creatures vanquished.

Vanquished Creatures (collateral kills)
  A stone giant (Orc:2)
  3 hydras
  A wizard (Lair:6)
  An ugly thing (D:11)
  A cyclops (Orc:2)
  A manticore (D:12)
  4 spiny frogs
  An orange demon (Lair:6)
  A komodo dragon (Lair:1)
  2 rime drakes (Lair:3)
  5 blink frogs
  2 dream sheep
  A wyvern (Lair:4)
  A basilisk (Lair:4)
  A naga (Lair:3)
  2 wargs
  3 water moccasins
  3 porcupines (Lair:3)
  An ogre (D:9)
  2 wolves
  2 bullfrogs
  A scorpion (D:12)
  An orc wizard (D:9)
  An iron imp (D:9)
  A worker ant (D:9)
  An ooze (D:9)
  A leopard gecko (D:10)
  4 orcs
49 creatures vanquished.

Vanquished Creatures (others)
  A vampire (D:12)
  A fire vortex (Lair:3)
  15 fungi
  11 plants (Lair:6)
28 creatures vanquished.

Grand Total: 611 creatures vanquished

Notes
Turn   | Place    | Note
-------+----------+-------------------------------------------
     0 | D:1      | qandnotyew the Merfolk Transmuter began the quest for the Orb.
     0 | D:1      | Reached XP level 1. HP: 15/15 MP: 3/3
   264 | D:1      | Reached XP level 2. HP: 21/21 MP: 3/5
   531 | D:1      | Reached XP level 3. HP: 23/26 MP: 4/6
   536 | D:1      | Learned a level 3 spell: Spider Form
  1019 | D:2      | Reached XP level 4. HP: 28/32 MP: 4/7
  1201 | D:2      | Found an iron altar of Okawaru.
  1295 | D:2      | Reached skill level 5 in Transmutations
  1447 | D:2      | Reached XP level 5. HP: 29/37 MP: 4/8
  1856 | D:2      | Found a shadowy altar of Dithmenos.
  1954 | D:3      | Noticed Grinder
  2110 | D:3      | Reached skill level 5 in Unarmed Combat
  2225 | D:3      | Found a shimmering altar of Xom.
  2248 | D:3      | Noticed tsuxds's ghost (amateur MiFi)
  2264 | D:3      | Killed tsuxds's ghost
  2264 | D:3      | Reached skill level 4 in Dodging
  2264 | D:3      | Reached XP level 6. HP: 43/43 MP: 6/9
  2387 | D:4      | Noticed Ijyb
  2395 | D:4      | Killed Ijyb
  2395 | D:4      | Reached skill level 5 in Dodging
  2664 | D:4      | Noticed Robin
  2676 | D:4      | Killed Robin
  2825 | D:4      | Reached skill level 6 in Dodging
  2825 | D:4      | Reached XP level 7. HP: 41/48 MP: 6/10
  3220 | D:4      | Noticed Purgy
  3234 | D:4      | Killed Purgy
  3234 | D:4      | Reached skill level 7 in Dodging
  3293 | D:4      | Noticed Natasha
  3301 | D:4      | Killed Natasha
  3485 | D:4      | Noticed Natasha
  3489 | D:4      | Killed Natasha
  3748 | D:4      | Found Jitaza Udug's Antique Armour Shoppe.
  3870 | D:5      | Entered Level 5 of the Dungeon
  3878 | D:5      | Reached skill level 8 in Dodging
  3878 | D:5      | Reached XP level 8. HP: 23/54 MP: 7/11
  4142 | D:5      | Found a sparkling altar of Nemelex Xobeh.
  4197 | D:5      | Found a snail-covered altar of Cheibriados.
  4419 | D:5      | Got a twisted cloak
  4425 | D:5      | Identified the cursed -1 cloak "Juromeg" {Stlth+} (You found it on level 5 of the Dungeon)
  4508 | D:6      | Reached skill level 9 in Dodging
  4510 | D:6      | Found Ofurphos's General Store.
  4527 | D:6      | Found a glowing drain.
  4585 | Sewer    | Entered a sewer
  4771 | Sewer    | Reached skill level 10 in Dodging
  4917 | D:6      | Found Estrevom's Armour Emporium.
  4938 | D:6      | Found Noent's Armour Shoppe.
  4963 | D:6      | Reached XP level 9. HP: 34/59 MP: 9/12
  4972 | D:6      | Reached skill level 11 in Dodging
  5046 | D:6      | Found a staircase to the Ecumenical Temple.
  5055 | Temple   | Entered the Ecumenical Temple
  5472 | D:6      | Found Enlof's Assorted Antiques.
  5888 | D:7      | Reached skill level 12 in Dodging
  5978 | D:7      | Found a sacrificial altar of Ru.
  6867 | D:7      | Reached skill level 13 in Dodging
  6879 | D:7      | Learned a level 4 spell: Ice Form
  7003 | D:8      | Noticed a two-headed ogre
  7022 | D:8      | Killed a two-headed ogre
  7022 | D:8      | Reached XP level 10. HP: 62/62 MP: 10/13
  7084 | D:8      | Noticed Psyche
  7096 | D:8      | Killed Psyche
  7108 | D:8      | Noticed Prince Ribbit
  7116 | D:8      | Learned a level 4 spell: Summon Ice Beast
  7132 | D:8      | Killed Prince Ribbit
  7211 | D:8      | Reached skill level 1 in Summonings
  7508 | D:8      | Learned a level 1 spell: Confusing Touch
  7678 | D:8      | Noticed Joseph
  7704 | D:8      | Killed Joseph
  7704 | D:8      | Reached skill level 5 in Ice Magic
  7831 | D:8      | Noticed Grum
  7863 | D:8      | Killed Grum
  8134 | D:9      | Noticed a two-headed ogre
  8147 | D:9      | Killed a two-headed ogre
  8147 | D:9      | Reached skill level 5 in Summonings
  8172 | D:9      | Found a burning altar of Makhleb.
  8227 | D:9      | Became a worshipper of Makhleb the Destroyer
  8276 | D:9      | Reached skill level 1 in Stealth
  8603 | D:9      | Reached XP level 11. HP: 39/70 MP: 8/14
  8778 | D:9      | Found a staircase to the Orcish Mines.
  9359 | D:9      | Reached * piety under Makhleb
  9405 | D:9      | Found Entuinuez's Gadget Shop.
  9614 | D:9      | Noticed Pikel
  9630 | D:9      | Killed Pikel
  9666 | D:9      | Reached skill level 10 in Unarmed Combat
  9683 | D:9      | Found a glowing golden altar of the Shining One.
  9683 | D:9      | Found a hide-covered altar of Uskayaw.
  9683 | D:9      | Found a stormy altar of Qazlal.
  9995 | D:10     | Entered Level 10 of the Dungeon
 10032 | D:10     | Found a staircase to the Lair.
 10091 | D:10     | Reached ** piety under Makhleb
 10380 | D:10     | Noticed Nergalle
 10485 | D:10     | Killed Nergalle
 10519 | D:10     | Found Urosox's Armour Emporium.
 10532 | D:10     | Reached skill level 5 in Stealth
 10597 | D:10     | Identified a scroll of acquirement
 10598 | D:10     | Got a twitching turquoise ring
 10600 | D:10     | Identified the ring of Inebemot {AC+6 Str+4} (You acquired it on level 10 of the Dungeon)
 10647 | D:10     | Found a shattered altar of Ashenzari.
 10709 | D:10     | Reached skill level 14 in Dodging
 11018 | Lair:1   | Entered Level 1 of the Lair of Beasts
 11600 | Lair:1   | Reached XP level 12. HP: 76/76 MP: 4/15
 12504 | Lair:2   | Found a labyrinth entrance.
 12982 | Lair:2   | Reached skill level 15 in Dodging
 12998 | Lair:2   | Reached *** piety under Makhleb
 13072 | Lair:2   | Noticed a five-headed hydra
 13079 | Lair:2   | Killed a five-headed hydra
 13538 | Lair:3   | Found a staircase to the Snake Pit.
 13544 | Lair:3   | Reached skill level 1 in Evocations
 14064 | Lair:3   | Reached skill level 5 in Evocations
 14113 | Lair:3   | Found a staircase to the Swamp.
 15263 | D:11     | Reached **** piety under Makhleb
 15834 | D:12     | Noticed a centaur warrior
 15948 | D:11     | Reached XP level 13. HP: 64/81 MP: 13/18
 16268 | D:12     | Found a white marble altar of Elyvilon.
 16606 | D:12     | Noticed Gastronok
 16622 | D:12     | Killed Gastronok
 17596 | Lair:4   | Reached skill level 10 in Evocations
 18406 | Lair:5   | Gained mutation: You are dopey. (Int -2) [a neqoxec]
 18408 | Lair:5   | Gained mutation: Scrolls take you a little longer to read. [a neqoxec]
 18424 | Lair:5   | Gained mutation: You are very dopey. (Int -4) [a neqoxec]
 18432 | Lair:5   | Gained mutation: You are frail. (-10% HP) [a neqoxec]
 18975 | Lair:6   | Entered Level 6 of the Lair of Beasts
 19001 | Lair:6   | Reached skill level 5 in Fighting
 19268 | Lair:6   | Reached XP level 14. HP: 92/92 MP: 7/21
 19369 | Lair:6   | Found a burning altar of Makhleb.
 20032 | Lair:6   | Reached skill level 1 in Invocations
 20415 | Lair:6   | Found a runed door.
 20415 | Lair:6   | Found a viscous altar of Jiyva.
 20415 | Lair:6   | Noticed an azure jelly
 20416 | Lair:6   | Noticed an azure jelly
 20417 | Lair:6   | Noticed an azure jelly
 20428 | Lair:6   | Found a staircase to the Slime Pits.
 20428 | Lair:6   | Noticed an azure jelly
 20934 | Lair:6   | Reached skill level 10 in Fighting
 20943 | Lair:6   | Found a gateway to Hell.
 21251 | Orc:1    | Entered Level 1 of the Orcish Mines
 21312 | Orc:1    | Paralysed by an orc sorcerer for 3 turns
 21327 | Orc:1    | Reached ***** piety under Makhleb
 21365 | Orc:1    | Reached skill level 5 in Invocations
 21551 | Orc:1    | Found a radiant altar of Vehumet.
 21594 | Orc:1    | Found a bloodstained altar of Trog.
 21763 | Orc:2    | Entered Level 2 of the Orcish Mines
 21769 | Orc:2    | Noticed a stone giant
 21789 | Orc:2    | Killed a stone giant
 21850 | Orc:2    | HP: 4/118 [orc warrior/halberd (22)]
 22117 | Orc:2    | Found Diremoam's General Store.
 22117 | Orc:2    | Noticed a stone giant
 22133 | Orc:2    | Killed a stone giant
 22145 | Orc:2    | Bought a Grand Grimoire for 1214 gold pieces
 22228 | Orc:2    | Found Uchudgh's Book Emporium.
 22231 | Orc:2    | Noticed a balrug
 22236 | Orc:2    | Mangled by a balrug

Skill      XL: |  1  2  3  4  5  6  7  8  9 10 11 12 13 14 |
---------------+-------------------------------------------+-----
Transmutations | 3 4 5 7 8 |  8.0
Unarmed Combat | 4 5 6 7 9 11 12 | 12.6
Dodging        | 4 6 8 10 13 14 15 | 15.2
Ice Magic      | 3 6 |  6.4
Summonings     | 5 |  5.1
Stealth        | 1 6 8 |  8.2
Evocations     | 7 10 | 10.4
Fighting       | 7 10 | 10.1
Invocations    | 7 |  7.6
Spellcasting   | |  2.0

Action                   |  1- 3 |  4- 6 |  7- 9 | 10-12 | 13-15 || total
-------------------------+-------+-------+-------+-------+-------++-------
Melee: Unarmed           |    81 |   193 |   387 |   687 |   518 ||  1866
       Headbutt          |     3 |     2 |       |       |       ||     5
       Punch             |       |     4 |     2 |     3 |     1 ||    10
       Staff             |       |       |       |    56 |    19 ||    75
 Cast: Beastly Appendage |    10 |     3 |       |       |       ||    13
       Spider Form       |     3 |    19 |    42 |    47 |     6 ||   117
       Confusing Touch   |       |       |       |    23 |     7 ||    30
       Summon Ice Beast  |       |       |       |    54 |    61 ||   115
       Ice Form          |       |       |       |    38 |    55 ||    93
Invok: Lesser Servant of |       |       |       |       |     3 ||     3
       Major Destruction |       |       |       |       |     1 ||     1
       Greater Servant o |       |       |       |       |     1 ||     1
 Abil: Evoke Berserk Rag |       |     2 |     3 |     1 |       ||     6
       End Transformatio |       |       |     1 |     1 |     2 ||     4
Evoke: Wand              |       |       |     2 |       |       ||     2
  Use: Scroll            |       |     7 |     6 |     8 |    12 ||    33
       Potion            |       |     6 |       |     7 |    10 ||    23
 Stab: Sleeping          |     1 |     2 |     4 |    14 |     9 ||    30
       Confused          |       |       |       |    12 |     4 ||    16
       Distracted        |       |       |       |     1 |     4 ||     5
       Petrified         |       |       |       |       |     1 ||     1
  Eat: Chunk             |     1 |    11 |    18 |    44 |    36 ||   110
       Royal jelly       |       |       |     2 |       |       ||     2
       Fruit             |       |       |     1 |       |     4 ||     5
       Meat ration       |       |       |       |     3 |     2 ||     5
Armor: Robe              |    15 |     6 |    12 |     4 |     6 ||    43
       Skin              |       |     8 |     7 |    59 |   107 ||   181
Dodge: Dodged            |    66 |   181 |   397 |   720 |   493 ||  1857
